 Dungeon Crawl Stone Soup version 0.30-a0-760-g5a9884bb7c (webtiles) character file.

Game seed: 9330927788084588689

2492 bmack86 the Cleaver (level 9, -2/78 HPs)
             Began as a Minotaur Fighter on Feb 12, 2023.
             Was a Believer of Okawaru.
             Killed from afar by an electric eel (5 damage)
             ... with a bolt of electricity
             ... on level 7 of the Dungeon.
             The game lasted 00:13:47 (4843 turns).

bmack86 the Cleaver (Minotaur Fighter)              Turns: 4843, Time: 00:13:47

Health: -2/78      AC: 14    Str: 24    XL:     9   Next: 27%
Magic:  10/10      EV: 10    Int:  5    God:    Okawaru [**....]
Gold:   292        SH:  9    Dex: 11    Spells: 8/8 levels left

rFire   . . .      SeeInvis .    a - +1 war axe
rCold   . . .      Faith    .    r - +0 kite shield
rNeg    . . .      Spirit   .    C - +0 plate armour
rPois   .          Reflect  .    (helmet restricted)
rElec   .          Harm     .    j - +0 cloak
rCorr   .          Rampage  .    (no gloves)
Will    .....                    (no boots) Stlth
                                 (no amulet)
HPRegen 0.33/turn                y - +5 ring of evasion
MPRegen 0.12/turn                (no ring)

@: no status effects
A: horns 2, retaliatory headbutt
a: Renounce Religion, Heroism


You were on level 7 of the Dungeon.
You worshipped Okawaru.
Okawaru was pleased with you.
You visited 1 branch of the dungeon, and saw 7 of its levels.

You collected 292 gold pieces.

Inventory:

Hand Weapons
 a - a +1 war axe (weapon)
Missiles
 p - 5 poisoned darts (quivered)
 A - 2 silver javelins
Armour
 j - a +0 cloak (worn)
 r - a +0 kite shield (worn)
 u - a scarf of resistance
 C - a +0 plate armour (worn)
Jewellery
 y - a +5 ring of evasion (left hand)
 z - an amulet of faith
Wands
 l - a wand of flame (15)
 t - a wand of digging (2)
Scrolls
 b - a scroll of enchant armour {unknown}
 c - 2 scrolls of vulnerability {unknown}
 f - a scroll of enchant weapon
 h - 2 scrolls of noise
 m - a scroll of poison
 o - a scroll of torment
 v - a scroll of magic mapping
 B - a scroll of fog {unknown}
Potions
 d - 2 potions of might
 e - a potion of ambrosia {unknown}
 g - 3 potions of curing
 i - 2 potions of brilliance
 k - 2 potions of lignification
 q - 5 potions of mutation
 s - a potion of heal wounds
 w - 2 potions of flight
 x - 2 potions of attraction


   Skills:
 + Level 6.8 Fighting
 * Level 8.8 Axes
 + Level 4.2 Throwing
 + Level 6.9 Armour
 + Level 6.9 Shields
 + Level 3.6 Invocations


You had 8 spell levels left.
You didn't know any spells.
Your spell library contained the following spells:

 Spells                   Type           Power      Damage    Failure   Level
 Slow                     Hex            0%         N/A       100%        1
 Confusing Touch          Hex            0%         N/A       100%        3
 Vampiric Draining        Necr           0%         2d6       100%        3


Dungeon Overview and Level Annotations

Branches:
Dungeon (7/15)             Temple (0/1) D:5

Altars:
Cheibriados
Makhleb
Okawaru
Uskayaw
Vehumet
Wu Jian
Xom

Shops:
D:4 *   D:5 (   D:6 !


Innate Abilities, Weirdness & Mutations

You have a pair of horns on your head.
You reflexively headbutt those who attack you in melee.


Message History

An electric eel comes into view.
You hit the iguana but do no damage.
The iguana is lightly wounded.
You feel sick.
The iguana bites you but does no damage.
You completely miss the iguana. You headbutt the iguana.
The iguana is moderately wounded.
You feel sick.
The iguana splashes around in the water.
You slash the iguana!
The iguana is severely wounded.
You feel sick.
You are no longer poisoned.
You block the iguana's attack.
The electric eel shoots out a bolt of lightning at you!
The bolt of electricity hits the plant.
The plant begins to die.
The bolt of electricity hits you.
* * * LOW HITPOINT WARNING * * *
The iguana bites you!
* * * LOW HITPOINT WARNING * * *
The iguana splashes around in the water.
You block the iguana's attack.
You see here a scroll of noise.
The iguana attacks as you move away! The iguana misses you.
Found a potion of curing.
Found a scroll labelled VEBLA IGRO.
The iguana bites you but does no damage.
You hit the iguana but do no damage.
The iguana is severely wounded.
The iguana misses you. You furiously retaliate!
You headbutt the iguana.
You kill the iguana!
Okawaru accepts your kill.
An electric eel is nearby!
The electric eel shoots out a bolt of lightning at you!
The bolt of electricity hits you!
* * * LOW HITPOINT WARNING * * *
The bolt of electricity misses you.
The electric eel shoots out a bolt of lightning at you!
The bolt of electricity hits you.
You die...

...........#
....(.....♣~♣
##........♣♣♣~~~
##......(♣P~~~PP #
##..##...♣♣♣~~~~~
..#...##..~♣~~~P~P~
..........~♣~~P~P~~
!.....#...~♣~P~PP~S
##..@..?S~~~~P♣~
#..#.##.†♣~~~♣~
#......##..)~~♣~~~
##..##.#.....♣~♣♣~
#.. ..........♣ #.
...##...##.. # ...#
..... ..# #.##
#..... ## #?
#...##.


You could see an electric eel.

Vanquished Creatures
  A hornet (D:6)
  Sigmund (D:4)
  An orc warrior (D:6)
  A black bear (D:5)
  3 ice beasts
  An ogre (D:5)
  A phantom (D:6)
  A gnoll sergeant (D:6)
  A necrophage (D:5)
  3 scorpions
  A bullfrog (D:6)
  4 wights (D:5)
  6 killer bees (D:7)
  4 hounds
  Crazy Yiuf (D:4)
  5 iguanas
  Ijyb (D:5)
  12 gnolls
  15 adders
  A shadow imp (D:6)
  A white imp (D:6)
  An ufetubus (D:6)
  2 dart slugs
  15 orcs
  16 ball pythons
  11 endoplasms
  4 giant cockroaches (D:1)
  8 hobgoblins
  7 jackals
  3 quokkas
  5 bats
  3 frilled lizards
  10 goblins
  5 kobolds
  5 rats
160 creatures vanquished.

Vanquished Creatures (others)
  22 fungi (D:4)
  3 plants (D:7)
25 creatures vanquished.

Grand Total: 185 creatures vanquished

Notes
Turn   | Place    | Note
-------+----------+-------------------------------------------
     0 | D:1      | bmack86 the Minotaur Fighter began the quest for the Orb.
     0 | D:1      | Reached XP level 1. HP: 19/19 MP: 0/0
   109 | D:1      | Reached XP level 2. HP: 27/27 MP: 1/1
   202 | D:1      | Reached skill level 3 in Axes
   668 | D:1      | Reached XP level 3. HP: 30/33 MP: 2/2
   830 | D:2      | Found a faded altar of an unknown god.
  1033 | D:2      | Reached XP level 4. HP: 39/40 MP: 3/3
  1100 | D:2      | Reached skill level 4 in Axes
  1445 | D:3      | Found a shimmering altar of Xom.
  1653 | D:3      | Reached XP level 5. HP: 45/47 MP: 4/4
  2194 | D:4      | Noticed Sigmund
  2194 | D:4      | Found Jaurhail's Elemental Accessories.
  2228 | D:4      | Killed Sigmund
  2229 | D:4      | Reached skill level 5 in Axes
  2229 | D:4      | Reached skill level 1 in Throwing
  2229 | D:4      | Reached XP level 6. HP: 42/53 MP: 5/5
  2285 | D:4      | Reached skill level 5 in Armour
  2380 | D:4      | Found a radiant altar of Vehumet.
  2414 | D:4      | Found a hide-covered altar of Uskayaw.
  2490 | D:4      | Found a runed translucent door.
  2491 | D:4      | Noticed Crazy Yiuf
  2497 | D:4      | Killed Crazy Yiuf
  2498 | D:4      | Reached skill level 5 in Fighting
  2498 | D:4      | Reached skill level 5 in Shields
  2824 | D:5      | Entered Level 5 of the Dungeon
  2824 | D:5      | Found an iron altar of Okawaru.
  2826 | D:5      | Became a worshipper of Warmaster Okawaru
  2836 | D:5      | Reached XP level 7. HP: 59/61 MP: 6/6
  2847 | D:5      | Found a staircase to the Ecumenical Temple.
  3032 | D:5      | Reached skill level 6 in Axes
  3040 | D:5      | Reached skill level 1 in Invocations
  3072 | D:5      | Found Faexec's Weapon Emporium.
  3079 | D:5      | Noticed Ijyb
  3093 | D:5      | Killed Ijyb
  3399 | D:5      | Reached * piety under Okawaru
  3420 | D:5      | Reached XP level 8. HP: 66/70 MP: 8/8
  3447 | D:5      | Reached skill level 7 in Axes
  3522 | D:5      | Found a snail-covered altar of Cheibriados.
  3737 | D:6      | Found a burning altar of Makhleb.
  3844 | D:6      | Found an ornate altar of the Wu Jian Council.
  4200 | D:6      | Reached ** piety under Okawaru
  4207 | D:6      | Reached skill level 8 in Axes
  4211 | D:6      | Noticed a hornet
  4218 | D:6      | Killed a hornet
  4219 | D:6      | Reached XP level 9. HP: 53/78 MP: 7/10
  4496 | D:6      | Found Udatt's Distillery.
  4842 | D:7      | HP: 2/78 [electric eel/bolt of electricity (12)]
  4843 | D:7      | Killed from afar by an electric eel

Illustrated notes

Levels and vault maps discovered:
D:1:      dpeg_arrival_rooms_c, layout_loops_cross, minmay_octomino_j4
D:2:      layout_rooms, basic_ecumenical_altar, minmay_snake_closets
D:3:      layout_basic, mainiacjoe_overflow_boulevard, hangedman_decor_growths,
          minmay_between
D:4:      layout_cave_pools, mainiacjoe_overflow_catch_the_wave,
          nicolae_elemental_shop, uniq_sigmund, uniq_crazy_yiuf_cottage
D:5:      layout_cave_pools, okawaru_altar_gauntlet_db, cheibriados_altar_1,
          minmay_temple_entry_slanted, serial_shops,
          nicolae_shop_bloodbath_and_beyond, uniq_ijyb
D:6:      hellmonk_ruined_rings, layout_loops_cross,
          mainiacjoe_overflow_alcove_1, nzn_wu_jian_contemplation, serial_shops,
          nicolae_shop_temple_entry_statues_fountains
D:7:      layout_cave_pools, cheibrodos_ashenzari_chains,
          mainiacjoe_overflow_cross_hatched, serial_bayou, serial_bayou_lake_a,
          serial_bayou_pond_e, serial_bayou_lagoon_b, serial_bayou_pond_a,
          minmay_manual_mail

Skill      XL: |  1  2  3  4  5  6  7  8  9 |
---------------+----------------------------+-----
Axes           | 3 4 5 6 8 |  8.8
Shields        | 4 5 6 |  6.9
Armour         | 4 5 6 |  6.9
Fighting       | 4 5 6 |  6.8
Throwing       | 1 2 3 4 |  4.2
Invocations    | 1 3 |  3.6

Action                     |  1- 3 |  4- 6 |  7- 9 || total
---------------------------+-------+-------+-------++-------
  Melee: War axe           |    56 |   116 |   186 ||   358
         Headbutt          |     7 |    15 |    32 ||    54
  Throw: Dart              |       |       |     4 ||     4
 Invoke: Heroism           |       |       |     3 ||     3
    Use: Scroll            |       |     8 |     7 ||    15
         Potion            |       |       |     3 ||     3
 Armour: Scale mail        |    42 |    27 |       ||    69
         Chain mail        |       |    37 |    71 ||   108
         Plate armour      |       |       |    24 ||    24
  Dodge: Dodged            |    30 |    58 |    98 ||   186
  Block: Buckler           |    16 |    34 |    39 ||    89
         Kite shield       |       |       |    47 ||    47

Table legend: (Time is in decaauts)
 A = Elapsed time spent in this place.
 B = Non-inter-level travel time spent in this place.
 C = Inter-level travel time spent in this place.
 D = Time resting spent in this place.
 E = Time spent auto-exploring this place.
 F = Levels seen in this place.
 G = Mean time per level.
                   A        B        C        D        E       F      G
               +--------+--------+--------+--------+--------+-----+--------+
         Total |   4936 |   4805 |    131 |    214 |   2896 |   7 |  705.1 |
       Dungeon |   4936 |   4805 |    131 |    214 |   2896 |   7 |  705.1 |
               +--------+--------+--------+--------+--------+-----+--------+

Top non-repeatable levels by time:
     D:6: 1110 daAuts
     D:5: 826 daAuts
     D:3: 787 daAuts
     D:1: 778 daAuts
     D:2: 701 daAuts
     D:4: 691 daAuts
     D:7: 40 daAuts
